 Dungeon Crawl Stone Soup version 0.29-a0-322-g68df515428 (webtiles) character file.

Game seed: 8306720925745277370

2 jt the Sneak (level 1, 0/20 HPs)
             Began as a Deep Dwarf Delver on Apr 6, 2022.
             Slain by a ball python (1 damage)
             ... on level 5 of the Dungeon.
             The game lasted 00:00:51 (101 turns).

jt the Sneak (Deep Dwarf Delver)                     Turns: 101, Time: 00:00:53

Health: 0/20       AC:  3    Str: 15    XL:     1   Next: 25%
Magic:  1/1        EV: 12    Int: 10    God:
Gold:   0          SH:  0    Dex: 14    Spells: 0/0 levels left

rFire   . . .      SeeInvis .   a - +0 hand axe
rCold   . . .      Faith    .   (no shield)
rNeg    . . .      Spirit   .   b - +0 leather armour
rPois   .          Reflect  .   (no helmet)
rElec   .          Harm     .   (no cloak)
rCorr   .          Rampage  .   (no gloves)
Will    .....                   (no boots)
Stlth   ++........              (no amulet)
HPRegen 0.00/turn               (no ring)
MPRegen 0.07/turn               (no ring)

@: hasted, quick
A: damage resistance, heal wounds, sense surroundings 1, no regeneration
a: Heal Wounds


You were on level 5 of the Dungeon.
You visited 1 branch of the dungeon, and saw 1 of its levels.

Inventory:

Hand Weapons
 a - a +0 hand axe (weapon)
Armour
 b - a +0 leather armour (worn)
Wands
 g - a wand of digging (3)
Scrolls
 c - a scroll of fog
 e - a scroll of fear


   Skills:
 - Level 2.6 Fighting
 + Level 2.4 Axes
 - Level 2.1 Dodging
 - Level 6.0 Stealth


You couldn't memorise any spells.
You didn't know any spells.
Your spell library was empty.

Dungeon Overview and Level Annotations

Branches:
Dungeon (5/15)
 Temple: D:4-7

Altars:

Portals:
Sewer: D:5


Innate Abilities, Weirdness & Mutations

You are resistant to damage.
You can heal yourself by infusing magical energy.
You passively map a small area around you.
You do not regenerate.


Message History

The ball python bites you. The ball python barely misses you.
As you open the door, it creaks loudly!
A ball python, 2 rats and a giant cockroach come into view.
The ball python hisses angrily.
The ball python barely misses you. The ball python completely misses you.
The ball python closely misses you. The ball python grabs you.
The ball python constricts you.
Found a glowing drain.
You hit the rat.
You kill the rat!
You hit the ball python.
You kill the ball python!
You closely miss the ball python. The ball python closely misses you.
The ball python constricts you.
You hit the ball python but do no damage.
You hit the ball python. You barely miss the river rat.
The ball python bites you but does no damage.
The ball python closely misses you. The ball python constricts you.
The river rat bites you!
Unknown command.
Your unstable footing causes you to fumble your attack.
The ball python bites you. The ball python closely misses you.
The ball python constricts you.
Unknown command.
Your unstable footing causes you to fumble your attack.
The river rat bites you but does no damage.
The ball python closely misses you. x2; The ball python constricts you.
Unknown command.
The ball python's grasp on you weakens, but your attempt to escape fails.
The river rat bites you. The ball python bites you.
* * * LOW HITPOINT WARNING * * *
Unknown command.
Unknown command.
You hit the ball python.
You kill the ball python!
You hit the river rat but do no damage. You barely miss the rat.
You hit the ball python. The rat barely misses you. The river rat bites you!
* * * LOW HITPOINT WARNING * * *
The ball python bites you.
You die...

#####.######.#
#............#
#.####.......#
#.# #.#######
####.####.#
#.........#
#.≈≈......#
#..r≈≈....#
#≈@r≈≈≈...#
##S##≈≈...#
*rB≈#≈....#
#≈∩≈#≈....#
#≈≈≈+≈≈≈..#
#####*#####


You could see a river rat, a giant cockroach, a ball python and 2 rats.

Vanquished Creatures
  2 ball pythons (D:5)
  A rat (D:5)
3 creatures vanquished.

Notes
Turn   | Place    | Note
-------+----------+-------------------------------------------
     0 | D:5      | jt the Deep Dwarf Delver began the quest for the Orb.
     0 | D:5      | Reached XP level 1. HP: 20/20 MP: 1/1
    60 | D:5      | Noticed a jelly
    95 | D:5      | Found a glowing drain.
   101 | D:5      | HP: 1/20 [river rat (5)]
   101 | D:5      | Slain by a ball python

Illustrated notes

Levels and vault maps discovered:
D:5:      nicolae_cairo_tiling_large, layout_basic, portal_sewer_entry_e

Action                   || total
-------------------------++-------
Melee: Hand axe          ||     5
  Use: Scroll            ||     1
       Potion            ||     1
Armor: Leather armour    ||     3
Dodge: Dodged            ||    12

Table legend: (Time is in decaauts)
 A = Elapsed time spent in this place.
 B = Non-inter-level travel time spent in this place.
 C = Inter-level travel time spent in this place.
 D = Time resting spent in this place.
 E = Time spent auto-exploring this place.
 F = Levels seen in this place.
 G = Mean time per level.
                   A        B        C        D        E       F      G
               +--------+--------+--------+--------+--------+-----+--------+
         Total |     89 |     89 |      0 |      0 |      0 |   1 |   89.0 |
       Dungeon |     89 |     89 |      0 |      0 |      0 |   1 |   89.0 |
               +--------+--------+--------+--------+--------+-----+--------+

Top non-repeatable levels by time:
     D:5: 89 daAuts
